 Dungeon Crawl Stone Soup version 0.28.0-49-g6dfe1f597d (webtiles) character file.

Game seed: 7102367000367509466

49 Exodus22XD the Covered (level 3, -5/33 HPs)
             Began as a Minotaur Fighter on May 20, 2022.
             Was a Believer of Jiyva.
             Slain by a gnoll
             ... wielding a +0 halberd
              (8 damage)
             ... on level 2 of the Dungeon.
             The game lasted 00:01:34 (677 turns).

Exodus22XD the Covered (Minotaur Fighter)            Turns: 677, Time: 00:01:35

Health: -5/33      AC:  7    Str: 22    XL:     3   Next: 51%
Magic:  2/2        EV:  9    Int:  5    God:    Jiyva [**....]
Gold:   54         SH:  4    Dex:  9    Spells: 2/2 levels left

rFire   . . .      SeeInvis .   a - +0 war axe
rCold   . . .      Faith    .   c - +0 buckler
rNeg    . . .      Spirit   .   b - +0 scale mail
rPois   .          Reflect  .   (helmet restricted)
rElec   .          Harm     .   (no cloak)
rCorr   +          Rampage  .   (no gloves)
Will    .....                   (no boots)
Stlth   ..........              (no amulet)
HPRegen 1.07/turn               (no ring)
MPRegen 0.38/turn               (no ring)

@: mighty
A: horns 2, retaliatory headbutt
a: Renounce Religion


You were on level 2 of the Dungeon.
You worshipped Jiyva.
Jiyva was pleased with you.
You visited 1 branch of the dungeon, and saw 2 of its levels.

You collected 54 gold pieces.

Inventory:

Hand Weapons
 a - a +0 war axe (weapon)
Missiles
 f - a throwing net (quivered)
Armour
 b - a +0 scale mail (worn)
 c - a +0 buckler (worn)
 i - a +0 kite shield
 j - a +0 chain mail
Scrolls
 e - a scroll of teleportation {unknown}
 g - a scroll of blinking {unknown}
 h - a scroll of magic mapping {unknown}
 k - a scroll of fear {unknown}
Potions
 d - a potion of might


   Skills:
 + Level 4.0 Fighting
 + Level 3.5 Axes
 + Level 4.1 Armour
 + Level 0.5 Dodging
 + Level 4.0 Shields


You had 2 spell levels left.
You didn't know any spells.
Your spell library was empty.

Dungeon Overview and Level Annotations

Branches:
Dungeon (2/15)

Altars:
Jiyva


Innate Abilities, Weirdness & Mutations

You have a pair of horns on your head.
You reflexively headbutt those who attack you in melee.


Message History

No target in view!
No target in view!
Key pressed, stopping explore.
No target in view!
No target in view!
Found a dazzling short sword.
No target in view!
No target in view!
A quokka comes into view.
The gnoll shouts!
You hear a shout! x2
You barely miss the gnoll.
You headbutt the gnoll, but do no damage.
The gnoll hits you with a +0 flail.
There are monsters nearby!
You slash the gnoll! You headbutt the gnoll.
You kill the gnoll!
You hit the quokka.
You kill the quokka!
The gnoll closely misses you.
The gnoll hits you from afar with a +0 halberd!
The gnoll hits you with a +0 halberd. The gnoll barely misses you.
Things that are here:
a +0 flail; a gnoll corpse You hit the gnoll.
The gnoll is moderately wounded.
You barely miss the worm. You closely miss the gnoll.
The gnoll hits you with a +0 halberd! The gnoll closely misses you.
The worm bites you. The gnoll hits you with a +0 halberd.
* * * LOW HITPOINT WARNING * * *
You feel very mighty all of a sudden. The gnoll closely misses you.
The worm bites you.
* * * LOW HITPOINT WARNING * * *
The gnoll barely misses you.
You barely miss the gnoll.
The gnoll is moderately wounded.
You barely miss the worm. You barely miss the gnoll.
The gnoll hits you with a +0 halberd.
* * * LOW HITPOINT WARNING * * *
The gnoll barely misses you. The gnoll hits you with a +0 halberd!
You die...

#.............##
#...........#.##
##.#########...## #####
#.......# ##).## .....
#.......# #..## ......
#.......# #..##
......###.<.....#####..##
.......g.†............>..
.......g@..#####.........
###....w...# #.........
#..........# #.........
#..........# #.........
#..........# #.........
#..........# #.........
#..........# #.........
#..........# #.........
##########


You could see a worm and 2 gnolls.

Vanquished Creatures
  2 gnolls (D:2)
  A giant cockroach (D:1)
  3 goblins
  4 hobgoblins
  4 jackals (D:2)
  A quokka (D:2)
  4 ball pythons
  3 bats
  A frilled lizard (D:2)
  A kobold (D:2)
  7 rats
31 creatures vanquished.

Vanquished Creatures (others)
  5 endoplasms
  A ball python (D:1)
  A goblin (D:1)
  A hobgoblin (D:1)
  A jackal (D:2)
  A kobold (D:1)
  A frilled lizard (D:1)
  A rat (D:1)
12 creatures vanquished.

Grand Total: 43 creatures vanquished

Notes
Turn   | Place    | Note
-------+----------+-------------------------------------------
     0 | D:1      | Exodus22XD the Minotaur Fighter began the quest for the
                  | Orb.
     0 | D:1      | Reached XP level 1. HP: 19/19 MP: 0/0
   109 | D:1      | Found a faded altar of an unknown god.
   131 | D:1      | Prayed at the altar of an unknown god.
   131 | D:1      | Became a worshipper of Jiyva Jejegufu the Shapeless
   131 | D:1      | Reached * piety under Jiyva
   200 | D:1      | Reached XP level 2. HP: 27/27 MP: 1/1
   384 | D:1      | Reached ** piety under Jiyva
   504 | D:2      | Reached XP level 3. HP: 6/33 MP: 2/2
   677 | D:2      | Slain by a gnoll

Illustrated notes

Levels and vault maps discovered:
D:1:      denvon_arrival_planthouse, layout_rooms,
          shapermc_ecumenical_altar_starsandcircs, kennysheep_minor_cross,
          nicolae_figureground_sparkle
D:2:      layout_basic, minmay_misc_feat_alley

Skill      XL: |  1  2  3 |
---------------+----------+-----
Fighting       | 4 |  4.0
Axes           | 3 |  3.5
Armour         | 4 |  4.1
Shields        | 4 |  4.0
Dodging        | |  0.5

Action                   || total
-------------------------++-------
Melee: War axe           ||    55
       Headbutt          ||     7
  Use: Potion            ||     2
Armor: Scale mail        ||    23
Dodge: Dodged            ||    46
Block: Buckler           ||    18
